 Dungeon Crawl Stone Soup version 0.20.1-1-g8b1a95d (webtiles) character file.

1629 Internecine the Shooter (level 8, -8/78 HPs)
             Began as a Troll Hunter on Sept 22, 2017.
             Was a Believer of Qazlal.
             Mangled by an ogre
             ... wielding a +0 giant club
              (28 damage)
             ... on level 7 of the Dungeon.
             The game lasted 01:25:14 (6425 turns).

Internecine the Shooter (Troll Hunter)              Turns: 6425, Time: 01:25:14

Health: -8/78      AC:  7    Str: 21    XL:     8   Next: 65%
Magic:  7/7        EV: 11    Int:  8    God:    Qazlal [**....]
Gold:   260        SH:  3    Dex: 11    Spells: 4/7 levels left

rFire    . . .     SeeInvis .   Z - +2 dagger (venom)
rCold    . . .     Gourm    +   (no shield)
rNeg     . . .     Faith    .   c - +2 robe
rPois    .         Spirit   .   (helmet restricted)
rElec    .         Reflect  .   (no cloak)
rCorr    .         Harm     .   (gloves unavailable)
MR       +....                  (boots unavailable)
Stlth    ++........             (no amulet)
Regen    0.7/turn               e - ring of protection from magic
MPRegen  0.1/turn               g - ring of stealth

@: lethally poisoned (-8 -> -26)
A: unfitting armour, claws 3, fast metabolism 3, gourmand, regeneration 1,
shaggy fur 1, tough skin 2
a: Upheaval, Renounce Religion


You were on level 7 of the Dungeon.
You worshipped Qazlal.
Qazlal was pleased with you.
You were not hungry.

You visited 2 branches of the dungeon, and saw 8 of its levels.

You collected 260 gold pieces.

Inventory:

Hand Weapons
 a - a +2 shortbow
 p - a +0 short sword of electrocution
 q - a +0 hunting sling
 A - a +0 dagger
 C - a +0 scimitar
 D - a +0 short sword
 F - the cursed +1 great mace "Giki Mai" {flame, Str+2 Int+2, unknown}
   (You found it on level 7 of the Dungeon)

   It has been specially enchanted to burn those struck by it, causing extra
   injury to most foes and up to half again as much damage against particularly
   susceptible opponents.
   It affects your strength (+2).
   It affects your intelligence (+2).
   It has a curse placed upon it.
 Z - a +2 dagger of venom (weapon)
Missiles
 j - 27 bolts
 l - 237 stones (quivered)
 n - 4 tomahawks
 y - 36 sling bullets
 N - 36 arrows
Armour
 c - a +2 robe (worn)
 w - a +0 robe
 P - a +3 leather armour of poison resistance
Jewellery
 e - a ring of protection from magic (left claw)
 g - a ring of stealth (right claw)
Wands
 d - a wand of iceblast (2/15)
 W - a wand of polymorph (11/24)
Scrolls
 h - 4 scrolls of teleportation
 k - a scroll of fog {unknown}
 m - a scroll of enchant weapon
 o - 2 scrolls of remove curse
 s - a scroll of blinking {unknown}
 u - a scroll of random uselessness {unknown}
 x - 5 scrolls of identify
 E - a scroll of fear
 G - a scroll of enchant armour
 M - a scroll of magic mapping
Potions
 b - a potion of heal wounds
 i - 2 potions of mutation
 r - a potion of ambrosia {unknown}
 z - a potion of invisibility {unknown}
 B - a potion of haste {unknown}
 J - a potion of cancellation
 X - 2 potions of curing
 Y - a potion of resistance {unknown}
Books
 v - a book of the Warp

   Spells                             Type                      Level
   a - Gell's Gravitas                Translocation                3
   b - Portal Projectile              Hexes/Translocation          3
   c - Force Lance                    Conjuration/Translocation    4
   d - Dispersal                      Translocation                6
   e - Controlled Blink               Translocation                8
   f - Disjunction                    Translocation                8
Comestibles
 f - 2 bread rations
 t - 2 meat rations


   Skills:
 + Level 4.0 Fighting
 + Level 0.7(1.3) Short Blades
 + Level 1.8(1.9) Long Blades
 + Level 6.7 Bows
 + Level 3.3 Dodging
 + Level 1.0 Stealth


You had 4 spell levels left.
You knew the following spells:

 Your Spells              Type           Power        Failure   Level  Hunger
a - Gell's Gravitas       Tloc           #.........   78%         3    ####...


Dungeon Overview and Level Annotations

Branches:
Dungeon (7/15)             Temple (1/1) D:6

Altars:
Ashenzari
Cheibriados
Dithmenos
Elyvilon
Fedhas
Gozag
Hepliaklqana
Kikubaaqudgha
Makhleb
Nemelex Xobeh
Okawaru
Qazlal
Ru
Sif Muna
Trog
Uskayaw
Vehumet
Xom
Yredelemnul
Zin
The Shining One


Innate Abilities, Weirdness & Mutations

You are too large for most types of armour.
You have claws for hands.
Your metabolism is lightning-fast.
You like to eat raw meat.
Your natural rate of healing is unusually fast.
You are covered in fur. (AC +1)
You have very tough skin. (AC +2)


Message History

You feel much better.
You feel very sick. The ogre closely misses you.
You hit the ogre.
The ogre is poisoned.
The ogre is heavily wounded.
You feel very sick. The ogre misses you.
You hit the ogre.
The ogre looks as sick as possible!
The ogre is severely wounded.
You feel very sick.
You hit the ogre but do no damage.
The ogre looks as sick as possible!
The ogre is severely wounded.
You feel very sick. The ogre hits you with a giant club!
* * * LOW HITPOINT WARNING * * *
You hit the ogre.
The ogre looks as sick as possible!
The ogre is severely wounded.
* * * LOW HITPOINT WARNING * * *
You feel sick. The ogre hits you with a giant club!!
You die...

.... ###...... ...
....... #..## #.......
#..(# #......# . #..##
##......# ...
#(..###......# ....#
#.(##.......# #
#...###.†.........####
#..@O..........###..
##§..#####.....##...
#..## ##.###....#
#...# ### ###.## ###.#
### #.# ###


You could see an ogre.

Vanquished Creatures
  Duvessa (D:7)
  A phantom (D:7)
  3 ogres
  A bullfrog (D:7)
  Dowan (D:7)
  4 scorpions
  2 wyvern skeletons
  4 killer bees (D:7)
  3 orc wizards
  4 orc priests
  An iguana (D:5)
  Ijyb (D:3)
  Terence (D:3)
  3 worker ants
  A hound skeleton (D:4)
  A worker ant zombie (D:6)
  9 adders
  A howler monkey skeleton (D:4)
  A shadow imp (D:4)
  An ooze (D:1)
  2 adder zombies
  An adder skeleton (D:5)
  2 worms (D:2)
  3 dart slugs
  3 leopard geckos
  25 orcs
  6 bats
  7 giant cockroaches
  5 goblins
  6 hobgoblins
  10 jackals
  4 quokkas
  4 frilled lizards
  4 kobolds
  A quokka skeleton (D:5)
  6 rats
133 creatures vanquished.

Notes
Turn   | Place    | Note
-------+----------+-------------------------------------------
     0 | D:1      | Internecine the Troll Hunter began the quest for the Orb.
     0 | D:1      | Reached XP level 1. HP: 19/19 MP: 0/0
   325 | D:1      | Reached skill level 3 in Bows
   325 | D:1      | Reached XP level 2. HP: 26/27 MP: 1/1
   763 | D:1      | Reached XP level 3. HP: 35/35 MP: 2/2
  1519 | D:2      | Reached XP level 4. HP: 42/42 MP: 3/3
  1634 | D:3      | You fall through a shaft!
  1867 | D:3      | Found a stormy altar of Qazlal.
  1872 | D:3      | Found a shattered altar of Ashenzari.
  1925 | D:3      | Became a worshipper of Qazlal Stormbringer
  2293 | D:3      | Noticed Ijyb
  2293 | D:3      | Noticed Terence
  2304 | D:3      | Killed Terence
  2304 | D:3      | Reached skill level 4 in Bows
  2304 | D:3      | Reached XP level 5. HP: 48/49 MP: 4/4
  2324 | D:3      | Killed Ijyb
  2631 | D:4      | Reached skill level 1 in Long Blades
  2804 | D:4      | Reached XP level 6. HP: 57/57 MP: 5/5
  2949 | D:4      | Reached * piety under Qazlal
  3745 | D:5      | Entered Level 5 of the Dungeon
  3903 | D:5      | Reached skill level 5 in Bows
  3903 | D:5      | Reached XP level 7. HP: 66/66 MP: 6/6
  4834 | D:6      | Found a staircase to the Ecumenical Temple.
  4849 | D:6      | Reached ** piety under Qazlal
  5078 | D:6      | Found a deep blue altar of Sif Muna.
  5202 | D:6      | Learned a level 3 spell: Gell's Gravitas
  5210 | D:6      | Found a shadowy altar of Dithmenos.
  5215 | D:6      | Found a snail-covered altar of Cheibriados.
  5216 | D:6      | Found a hide-covered altar of Uskayaw.
  5216 | D:6      | Found a glowing silver altar of Zin.
  5590 | D:6      | Reached XP level 8. HP: 55/75 MP: 7/7
  5660 | Temple   | Entered the Ecumenical Temple
  5801 | D:7      | Reached skill level 6 in Bows
  5829 | D:7      | Noticed Duvessa
  5830 | D:7      | Noticed Dowan
  5836 | D:7      | Killed Duvessa
  5836 | D:7      | Reached skill level 1 in Stealth
  5845 | D:7      | Killed Dowan
  5863 | D:7      | Got a crude great mace
  6425 | D:7      | Mangled by an ogre

Skill      XL: |  1  2  3  4  5  6  7  8 |
---------------+-------------------------+-----
Bows           | 3 4 5 6 |  6.7
Fighting       | 2 3 4 |  4.0
Long Blades    | 1 |  1.8
Dodging        | 2 3 |  3.3
Stealth        | 1 |  1.0
Short Blades   | |  0.7

Action                   |  1- 3 |  4- 6 |  7- 9 || total
-------------------------+-------+-------+-------++-------
Melee: Scimitar          |       |    19 |       ||    19
       Falchion          |       |    33 |       ||    33
       Dagger            |       |    38 |    24 ||    62
 Fire: Shortbow          |   117 |   126 |   171 ||   414
Evoke: Wand              |       |       |     1 ||     1
  Use: Scroll            |     3 |     7 |       ||    10
       Potion            |       |     2 |     3 ||     5
  Eat: Chunk             |    11 |    15 |    20 ||    46
       Royal jelly       |       |     1 |       ||     1
       Bread ration      |       |     1 |     1 ||     2
Armor: Robe              |    21 |    49 |    34 ||   104
Dodge: Dodged            |    30 |    83 |    51 ||   164
Block: Other             |       |     6 |    10 ||    16
       Rpst.: Scimitar   |       |     6 |       ||     6
       Falchion          |       |     4 |       ||     4
